 Dungeon Crawl Stone Soup version 0.30.0-7-g0c4daa9e05 (webtiles) character file.

Game seed: 7626133902953939875

25 Atelerd the Digger (level 3, 0/21 HPs)
             Began as an Octopode Earth Elementalist on May 13, 2023.
             Slain by a goblin
             ... wielding a +0 dagger
              (1 damage)
             ... on level 1 of the Dungeon.
             The game lasted 00:00:30 (527 turns).

Atelerd the Digger (Octopode Earth Elementalist)     Turns: 527, Time: 00:00:30

Health: 0/21       AC:  1    Str:  7    XL:     3   Next: 6%
Magic:  5/6        EV: 13    Int: 19    God:
Gold:   67         SH:  0    Dex: 12    Spells: 6/7 levels left

rFire   . . .        d - +0 dagger
rCold   . . .        (no shield)
rNeg    . . .        (helmet restricted)
rPois   .            (no amulet)
rElec   .            (no ring)
rCorr   .            (no ring)
SInv    .            (no ring)
Will    .....        (no ring)
Stlth   +++          (no ring)
HPRegen 0.23/turn    (no ring)
MPRegen 0.10/turn    (no ring)
                     (no ring)

%: no passive effects
@: attractive
A: almost no armour, amphibious, 8 rings, camouflage 1, gelatinous body 1,
(nimble swimmer 1), tentacles
a: no special abilities


You were on level 1 of the Dungeon.
You visited 1 branch of the dungeon, and saw 1 of its levels.

You collected 67 gold pieces.

Inventory:

Hand Weapons
 d - a +0 dagger (weapon)
Scrolls
 c - a scroll of noise {unknown}
 e - a scroll of teleportation {unknown}
Potions
 a - a potion of magic


   Skills:
 - Level 2.0 Dodging
 + Level 2.6 Stealth
 + Level 2.6 Spellcasting
 + Level 1.2 Transmutations
 + Level 3.5 Earth Magic


You had 6 spell levels left.
You knew the following spells:

 Your Spells              Type           Power      Damage    Failure   Level
a - Sandblast             Erth           32%        2d9       3%          1

Your spell library contained the following spells:

 Spells                   Type           Power      Damage    Failure   Level
 Passwall                 Tmut/Erth      9%         N/A       9%          2
 Stone Arrow              Conj/Erth      18%        3d8       22%         3
 Petrify                  Tmut/Erth      11%        N/A       52%         4


Dungeon Overview and Level Annotations

Branches:
Dungeon (1/15)

Altars:


Innate Abilities, Weirdness & Mutations

You cannot wear most types of armour.
You are amphibious.
You can wear up to eight rings at the same time.
Your skin changes colour to match your surroundings (Stealth+).
Your rubbery body absorbs attacks. (AC +1, EV +1)
((You are camouflaged when in or above water. (Stealth+)))
You have tentacles for arms and can constrict up to eight enemies at once.


Message History

The endoplasm barely misses you. The goblin hits you with a +0 dagger.
A kobold comes into view. It is wielding a +0 club.
There are monsters nearby!
You barely miss the ball python.
The kobold shouts!
Your grab misses the ball python. The ball python barely misses you.
The ball python grabs you. The ball python constricts you.
The endoplasm freezes you.
You are frozen.
The goblin hits you but does no damage.
There are monsters nearby!
You are too injured to fight recklessly!
You are too injured to fight recklessly!
There are monsters nearby!
You are too injured to fight recklessly!
You are too injured to fight recklessly!
There are monsters nearby!
You are too injured to fight recklessly!
Unknown command.
You escape the ball python's grasp.
The endoplasm attacks as you move away! The endoplasm misses you.
The goblin attacks as you move away! The goblin hits you with a +0 dagger.
A jackal comes into view.
The quokka misses you. The quokka attacks as you move away!
The quokka bites you.
* * * LOW HITPOINT WARNING * * *
The quokka attacks as you move away! The quokka bites you.
* * * LOW HITPOINT WARNING * * *
The endoplasm attacks as you move away! The endoplasm barely misses you.
The quokka bites you.
* * * LOW HITPOINT WARNING * * *
The quokka barely misses you.
It was a potion of attraction.
You feel attractive to monsters. The quokka bites you.
* * * LOW HITPOINT WARNING * * *
The quokka bites you but does no damage.
The endoplasm closely misses you. The goblin hits you but does no damage.
The kobold is attracted toward you. The goblin attacks as you move away!
The goblin hits you with a +0 dagger.
You die...

#.#.#.#....#### #.. #...
......!... ..# #.#####..#
#.#.#.#...# #.#.#....)...#
.........# #.#.#...†###.#
#.#.#.#...# #.#......###.#
........§.###.###........#
........KJ.$....†######...
........rg.......# ...
.......Sr@.......# #...
........J........#
###...####.......# #...
#.......# #... #.......#
+... +.......# #h .......
#....#.


You could see 2 endoplasms, 2 quokkas, a goblin, a ball python and a kobold.

Vanquished Creatures
  A dart slug (D:1)
  4 endoplasms (D:1)
  A goblin (D:1)
  A hobgoblin (D:1)
  3 jackals (D:1)
  2 kobolds (D:1)
  2 quokkas (D:1)
  A ball python (D:1)
  A bat (D:1)
  2 frilled lizards (D:1)
  3 rats (D:1)
21 creatures vanquished.

Notes
Turn   | Place    | Note
-------+----------+-------------------------------------------
     0 | D:1      | Atelerd the Octopode Earth Elementalist began the quest for
                  | the Orb.
     0 | D:1      | Reached XP level 1. HP: 11/11 MP: 3/3
    82 | D:1      | Reached XP level 2. HP: 6/17 MP: 0/5
   469 | D:1      | Reached XP level 3. HP: 21/21 MP: 3/6
   526 | D:1      | HP: 1/21 [quokka (3)]
   527 | D:1      | Slain by a goblin

Illustrated notes

Levels and vault maps discovered:
D:1:      grunt_arrival_crossed_arrows, layout_basic, serial_curves,
          eino_curves_04, eino_curves_02, st_stairs_8

Action                     || total
---------------------------++-------
  Melee: Unarmed           ||    16
         Constrict         ||     7
         Tentacles         ||     5
         Dagger            ||     7
   Cast: Sandblast         ||    21
    Use: Potion            ||     1
 Armour: Skin              ||     4
  Dodge: Dodged            ||    42
